 Dungeon Crawl Stone Soup version 0.19.1-1-g22dce08 (webtiles) character file.

154 McKennaii the Magician (level 5, 0/32 HPs)
             Began as a High Elf Wizard on Jan 6, 2017.
             Killed by divine providence
             ... invoked by an orc priest
              (9 damage)
             ... on level 3 of the Dungeon.
             The game lasted 00:11:53 (2210 turns).

McKennaii the Magician (High Elf Wizard)            Turns: 2210, Time: 00:11:54

Health: 0/32       AC:  2    Str:  6    XL:     5   Next: 13%
Magic:  1/13       EV: 13    Int: 26    God:
Gold:   119        SH:  0    Dex: 14    Spells: 5 memorised, 5 levels left

rFire  + . .     SeeInvis .     m - +0 dagger (flame)
rCold  x . .     Gourm    .     a - +0 robe
rNeg   . . .     Faith    .     (no shield)
rPois  .         Spirit   .     b - +0 hat
rElec  .         Reflect  .     (no cloak)
rCorr  .         Harm     .     (no gloves)
MR     .....                    (no boots)
Stlth  ++........               (no amulet)
                                t - ring of fire
                                e - +4 ring of intelligence

@: no status effects
A: no striking features
a: no special abilities


You were on level 3 of the Dungeon.
You were not hungry.

You visited 1 branch of the dungeon, and saw 3 of its levels.

You collected 119 gold pieces.

Inventory:

Hand Weapons
 m - a +0 dagger of flaming (weapon)
Armour
 a - a +0 robe (worn)
 b - a +0 hat (worn)
 n - a cursed +0 ring mail
Jewellery
 e - a +4 ring of intelligence (left hand)
 i - a cursed -2 ring of protection {unknown}
 o - an uncursed ring of poison resistance {unknown}
 t - a ring of fire (right hand)
 w - a +3 ring of protection {unknown}
Scrolls
 g - a scroll of fog {unknown}
 j - 8 scrolls of identify {unknown}
 k - a scroll of enchant weapon {unknown}
 l - 3 scrolls of fear {unknown}
 p - a scroll of blinking {unknown}
 r - a scroll of immolation {unknown}
 s - a scroll of enchant armour {unknown}
 u - a scroll of random uselessness {unknown}
 v - a scroll of remove curse {unknown}
 y - a scroll of teleportation {unknown}
Potions
 f - a potion of mutation {unknown}
 q - a potion of might {unknown}
 z - a potion of degeneration {unknown}
Books
 c - a book of Minor Magic

   Spells                             Type                      Level
   a - Magic Dart                     Conjuration                  1
   b - Blink                          Translocation                2
   c - Call Imp                       Summoning                    2
   d - Repel Missiles                 Charms/Air                   2
   e - Slow                           Hexes                        2
   f - Conjure Flame                  Conjuration/Fire             3
   g - Mephitic Cloud                 Conjuration/Poison/Air       3
Comestibles
 d - a bread ration
 h - 3 meat rations
 x - 3 fruits


   Skills:
 + Level 0.6 Fighting
 + Level 1.0 Short Blades
 + Level 3.1 Dodging
 + Level 2.4 Stealth
 + Level 0.2 Unarmed Combat
 + Level 5.1 Spellcasting
 + Level 2.1 Conjurations
 + Level 1.5 Summonings
 + Level 1.1 Translocations


You had 5 spell levels left.
You knew the following spells:

 Your Spells              Type           Power        Failure   Level  Hunger
a - Magic Dart            Conj           ###.         3%          1    None
b - Call Imp              Summ           ##......     10%         2    None
c - Blink                 Tloc           N/A          10%         2    None
d - Slow                  Hex            #.......     14%         2    None
e - Repel Missiles        Chrm/Air       #.....       14%         2    None


Dungeon Overview and Level Annotations

Branches:
Dungeon (3/15)

Altars:
Kikubaaqudgha
The Shining One


Message History

Press: ? - help, Shift-Dir - straight line, f/p - orc
Aim: an orc, wielding a short sword (almost dead)
Okay, then.
Casting: Magic Dart
Confirm with . or Enter, or press ? or * to list all spells.
A beastly little devil appears in a puff of flame.
Your iron imp barely misses the orc.
The orc barely misses your iron imp.
Your crimson imp blinks!
There is an open door here.
Your iron imp completely misses the orc.
The orc barely misses your iron imp.
Your iron imp completely misses the orc.
The orc misses your iron imp.
Your crimson imp blinks!
Something hits your iron imp but does no damage.
Your iron imp disappears in a puff of smoke!
The orc priest invokes the aid of Beogh against you.
Beogh smites you!
You die...

....##+###.##....................
....#....#.##....................
....#....#.##..............#.####
..(.#....#..'............###.#
....#....####.........##.###.####
....#....##...........'..#......o
....[....##.....(.....####.......
....#(.........###....####.....o.
).....(.รท.......@55...'..........
#####..........###.)..###......(.
###........# #.o..# #........
#........# #....# #.......#
#........# #..o.###......#.
#######........# #............#.#
...........##### #............#..
...........# #...........#...
........#### ####........#..#


You could see an orc priest, a friendly iron imp and a friendly crimson imp.

Vanquished Creatures
  2 adders (D:3)
  A leopard gecko (D:2)
  3 orcs (D:3)
  5 goblins
  4 hobgoblins
  4 jackals (D:2)
  4 kobolds
  2 ball pythons
  5 bats
  6 frilled lizards
  6 rats
42 creatures vanquished.

Vanquished Creatures (collateral kills)
  A crimson imp (D:3)
  2 orc wizards (D:3)
  Jessica (D:2)
  An ooze (D:1)
  2 worms
  5 orcs (D:3)
  A ball python (D:2)
  A hobgoblin (D:2)
  2 bats (D:2)
  A frilled lizard (D:3)
  2 kobolds (D:2)
  2 rats
21 creatures vanquished.

Vanquished Creatures (others)
  A goblin (D:3)
  A kobold (D:3)
2 creatures vanquished.

Grand Total: 65 creatures vanquished

Notes
Turn   | Place    | Note
-------+----------+-------------------------------------------
     0 | D:1      | McKennaii the High Elf Wizard began the quest for the Orb.
     0 | D:1      | Reached XP level 1. HP: 11/11 MP: 6/6
    93 | D:1      | Reached skill level 4 in Spellcasting
   149 | D:1      | Reached XP level 2. HP: 14/17 MP: 0/8
   161 | D:1      | Learned a level 2 spell: Call Imp
   164 | D:1      | Learned a level 2 spell: Blink
   167 | D:1      | Learned a level 2 spell: Slow
   170 | D:1      | Learned a level 2 spell: Repel Missiles
   702 | D:2      | Found a glowing golden altar of the Shining One.
   755 | D:2      | Noticed Jessica
   801 | D:2      | Killed Jessica
   801 | D:2      | Reached XP level 3. HP: 15/21 MP: 6/10
  1251 | D:3      | Reached skill level 1 in Summonings
  1251 | D:3      | Reached XP level 4. HP: 27/27 MP: 1/11
  1263 | D:3      | Reached skill level 1 in Short Blades
  1659 | D:3      | Found an ancient bone altar of Kikubaaqudgha.
  1834 | D:3      | Reached skill level 5 in Spellcasting
  2178 | D:3      | Reached XP level 5. HP: 6/32 MP: 5/13
  2210 | D:3      | Killed from afar by an orc priest

Skill      XL: |  1  2  3  4 |
---------------+-------------+-----
Spellcasting   | 4 5 |  5.1
Summonings     | 1 |  1.5
Short Blades   | 1 |  1.0
Dodging        | 3 |  3.1
Conjurations   | 2 |  2.1
Fighting       | |  0.6
Stealth        | |  2.4
Unarmed Combat | |  0.2
Translocations | |  1.1

Action                   |  1- 3 |  4- 6 || total
-------------------------+-------+-------++-------
Melee: Unarmed           |    15 |       ||    15
       Dagger            |    24 |    30 ||    54
 Cast: Magic Dart        |    59 |    36 ||    95
       Call Imp          |    10 |    10 ||    20
 Stab: Distracted        |     1 |       ||     1
  Eat: Meat ration       |     1 |       ||     1
Armor: Robe              |    30 |     4 ||    34
Dodge: Dodged            |    70 |    26 ||    96
